 Dungeon Crawl Stone Soup version 0.18-a0-596-g6468885 (webtiles) character file.

25 M4edhros the Charlatan (level 3, 0/23 HPs)
             Began as an Octopode Artificer on Dec 3, 2015.
             Succumbed to an adder's poison
             ... on level 2 of the Dungeon.
             The game lasted 00:01:14 (310 turns).

M4edhros the Charlatan (Octopode Artificer)          Turns: 310, Time: 00:01:14

Health: 0/23       AC:  1    Str: 10    XL:     3   Next: 4%
Magic:  5/5        EV: 12    Int: 17    God:
Gold:   45         SH:  0    Dex: 12    Spells: 0 memorised, 2 levels left

rFire  . . .     SeeInvis .     a - +0 short sword
rCold  . . .     Clarity  +     (no shield)
rNeg   . . .     SustAt   .     (helmet restricted)
rPois  .         Gourm    .     i - amulet of resist corrosion
rElec  .         Spirit   .     (no ring)
rCorr  +         Dismiss  .     (no ring)
rMut   .         Stasis   .     (no ring)
MR     .....                    (no ring)
Stlth  +++.......               (no ring)
                                (no ring)
                                (no ring)
                                (no ring)

@: lethally poisoned (0 -> -5), not resistant to hostile enchantments, fairly
stealthy
A: almost no armour, amphibious, 8 rings, constrict 8, camouflage 1, clarity,
clever 1, gelatinous body 1, subdued magic 1
a: no special abilities


You were on level 2 of the Dungeon.
You were not hungry.

You visited 1 branch of the dungeon, and saw 2 of its levels.

You collected 45 gold pieces.

Inventory:

Hand Weapons
 a - a +0 short sword (weapon)
 k - a +0 hunting sling
Missiles
 j - 23 sling bullets
 l - 17 stones (quivered)
Jewellery
 i - an amulet of resist corrosion (around mantle)
Wands
 b - a wand of flame (13)
 c - a wand of enslavement (15)
 d - a wand of random effects (15)
Scrolls
 m - a scroll of immolation {unknown}
 n - a scroll of noise {unknown}
Comestibles
 e - a bread ration


   Skills:
 - Level 1.0 Fighting
 - Level 1.0 Short Blades
 + Level 0.6 Slings
 + Level 2.2 Dodging
 + Level 2.7 Stealth
 + Level 3.7 Evocations


You had 2 spell levels left.
You didn't know any spells.

Dungeon Overview and Level Annotations

Branches:
Dungeon (2/15)

Altars:


Innate Abilities, Weirdness & Mutations

You cannot wear most types of armour.
You are amphibious.
You can wear up to eight rings at the same time.
You can use your tentacles to constrict eight enemies at once.
Your skin changes colour to match your surroundings (Stealth).
Your rubbery body absorbs attacks (AC +1).
You possess an exceptional clarity of mind.
Your mind is acute. (Int +2)
Your spells are a little easier to cast, but a little less powerful.


Message History

Aim: a hobgoblin, wielding a club The puff of flame hits the hobgoblin.
You kill the hobgoblin!
This wand has 13 charges left.
There is a lethal amount of poison in your body!
You aren't carrying any potions.
Read which item? (? for menu, Esc to quit)
As you read the scroll labeled MUR DIS DEA, it crumbles to dust.
Your +0 short sword glows pale umber for a moment.
It was a scroll of random uselessness.
* * * LOW HITPOINT WARNING * * *
You feel sick.
Read which item? (? for menu, Esc to quit)
As you read the scroll labeled SOMIM LOPU, it crumbles to dust.
It is a scroll of identify.
Identify which item? (\ to view known items) (? for menu, Esc to quit)
i - an uncursed amulet of resist corrosion Put on which piece of jewellery? (? for menu, Esc to quit)
i - an amulet of resist corrosion (around mantle)
You die...

##.?. ## ......
.# #...#.
#.####. ....
.......
###..##.......
...#..#......
##.#.........
#...###########
#....@.........
#.#####?)##..#
#.# #†## #.#
#.. #.# ####
#.# ###.# #.[.#
###'####


There were no monsters in sight!

Vanquished Creatures
  An adder (D:2)
  A giant gecko (D:2)
  2 bats (D:1)
  4 hobgoblins
  A ball python (D:1)
  2 goblins (D:1)
  2 kobolds (D:1)
  3 rats (D:1)
16 creatures vanquished.

Notes
Turn   | Place    | Note
--------------------------------------------------------------
     0 | D:1      | M4edhros the Octopode Artificer began the quest for the Orb.
     0 | D:1      | Reached XP level 1. HP: 13/13 MP: 3/3
    73 | D:1      | Reached XP level 2. HP: 15/18 MP: 4/4
   302 | D:2      | Gained mutation: Your mind is acute. (Int +2) [potion of mutation]
   302 | D:2      | Gained mutation: Your spells are a little easier to cast, but a little less powerful. [potion of mutation]
   302 | D:2      | Gained mutation: You possess an exceptional clarity of mind. [potion of mutation]
   303 | D:2      | Reached XP level 3. HP: 2/23 MP: 5/5
   304 | D:2      | HP: 1/23 [poisoned by an adder]
   310 | D:2      | Succumbed to an adder's poison

Vault maps used:
D:1:      minmay_arrival_three_doors
D:2:      ecumenical_altar_1, first_bread, minmay_curled_crystal

Action                   || total
-------------------------++-------
Melee: Short sword       ||    25
Evoke: Wand              ||     2
  Use: Potion            ||     1
       Scroll            ||     2
 Stab: Sleeping          ||     2
